 Dungeon Crawl Stone Soup version 0.31-a0-236-g9a0961fb85 (webtiles) character file.

Game seed: 14179897533771332215

73 qw the Shooter (level 4, -1/26 HPs)
             Began as a Gargoyle Hexslinger on July 10, 2023.
             Killed by divine providence
             ... invoked by an orc priest
              (12 damage)
             ... on level 2 of the Dungeon.
             The game lasted 00:00:36 (1062 turns).

qw the Shooter (Gargoyle Hexslinger)                Turns: 1062, Time: 00:00:36

Health: -1/26      AC:  8    Str: 11    XL:     4   Next: 27%
Magic:  5/5        EV: 10    Int: 14    God:
Gold:   26         SH:  0    Dex: 14    Spells: 4/5 levels left

rFire   . . .        Y - +1 sling
rCold   . . .        (no shield)
rNeg    + . .        h - +0 ring mail
rPois   inf          (no helmet)
rElec   +            (no cloak)
rCorr   .            (no gloves)
SInv    .            (no boots)
Will    .....        (no amulet)
Stlth   +            (no ring)
HPRegen 0.24/turn    (no ring)
MPRegen 0.09/turn

%: no passive effects
@: no status effects
A: sickness immunity, AC +3, negative energy resistance 1, electricity
resistance, torment resistance 1, petrification resistance
a: no special abilities


You were on level 2 of the Dungeon.
You visited 1 branch of the dungeon, and saw 2 of its levels.

You collected 26 gold pieces.


Innate Abilities, Weirdness & Mutations

You are immune to sickness and miasma.
Your stone body is resilient. (AC +3)
You are immune to poison.
You resist negative energy. (rN+)
You are resistant to electric shocks. (rElec)
You are resistant to unholy torment.
You are immune to petrification.


   Skills:
 - Level 2.0 Fighting
 - Level 4.0 Ranged Weapons
 + Level 0.6 Armour
 - Level 1.5 Dodging
 - Level 1.0 Spellcasting
 - Level 2.6 Hexes


You had 4 spell levels left.
You knew the following spells:

 Your Spells              Type           Power      Damage    Failure   Level
a - Slow                  Hex            32%        N/A       22%         1

Your spell library contained the following spells:

 Spells                   Type           Power      Damage    Failure   Level
 Inner Flame              Hex/Fire       4%         N/A       73%         3
 Portal Projectile        Hex/Tloc       8%         N/A       73%         3
 Cause Fear               Hex            4%         N/A       91%         4

Inventory:

Hand Weapons
 Y - a +1 sling (weapon)
Armour
 a - a +2 hat
 h - a +0 ring mail (worn)
Scrolls
 g - a scroll of teleportation
Potions
 b - a potion of mutation {unknown}
 e - a potion of magic {unknown}

Dungeon Overview and Level Annotations

Branches:
Dungeon (2/15)

Altars:

Shops:
D:1 :

Annotations:
D:2 1 runed translucent door, Crazy Yiuf


Message History

The sling bullet hits the giant cockroach.
The giant cockroach is severely wounded.
The giant cockroach closely misses you. x2
You shoot a sling bullet.
The sling bullet hits the giant cockroach but does no damage.
The giant cockroach is severely wounded.
The giant cockroach barely misses you.
The giant cockroach bites you but does no damage.
You shoot a sling bullet.
The sling bullet hits the giant cockroach.
You kill the giant cockroach!
Found a hammer.
Enter note:
Enter note: Crazy Yiuf shouts!
Crazy Yiuf says, "Millenium snail spinner!"
An orc priest comes into view. It is wielding a +0 flail.
Enter note:
Enter note: You shoot a sling bullet.
The orc priest shouts!
The sling bullet hits the orc priest but does no damage.
You shoot a sling bullet. The sling bullet hits the orc priest.
The orc priest is lightly wounded.
You shoot a sling bullet.
The sling bullet barely misses the orc priest.
The orc priest begins to cast a cantrip, but forgets the words!
You shoot a sling bullet.
The sling bullet barely misses the orc priest.
You shoot a sling bullet. The sling bullet hits the orc priest.
The orc priest is heavily wounded.
You shoot a sling bullet.
The sling bullet barely misses the orc priest.
The orc priest hits you with a +0 flail.
The orc priest hits you with a +0 flail!
You shoot a sling bullet. The sling bullet hits the orc priest.
The orc priest is almost dead.
The orc priest invokes the aid of Beogh against you.
Beogh smites you!
You die...

####)# # #....#
# #....#######
# ##....#....(#
##..)%##.....##
#.............#
##..####......#
#..o.# #......#
#..@.#
#......#####
##...#
#...........
##.##
#....#......
##.#
#[...#......
#.##
#........####
##.#
####.........
#.## #........)
#+# #.........
... #.....####


You could see an orc priest.

Vanquished Creatures
  2 adders (D:2)
  3 dart slugs
  3 orcs (D:2)
  4 ball pythons (D:1)
  2 bats
  5 endoplasms
  A giant cockroach (D:2)
  2 hobgoblins
  3 jackals (D:1)
  A quokka (D:1)
  A frilled lizard (D:1)
  8 goblins
  6 kobolds (D:1)
  A rat (D:1)
42 creatures vanquished.

Vanquished Creatures (others)
  A goblin (D:1)
1 creature vanquished.

Grand Total: 43 creatures vanquished

Notes
Turn   | Place    | Note
-------+----------+-------------------------------------------
     0 | D:1      | qw the Gargoyle Hexslinger began the quest for the Orb.
     0 | D:1      | Reached XP level 1. HP: 12/12 MP: 2/2
     0 | D:1      | 0 ||| qw: Version: 0.3-a-51-g015441d
     0 | D:1      | 0 ||| qw: Game counter: 4496
     0 | D:1      | 0 ||| qw: Melee chars always use a shield: true
     0 | D:1      | 0 ||| qw: God list: Okawaru
     0 | D:1      | 0 ||| qw: Allow faded altars: false
     0 | D:1      | 0 ||| qw: Do Orc after clearing Dungeon:15 true
     0 | D:1      | 0 ||| qw: Do second Lair branch before Depths: true
     0 | D:1      | 0 ||| qw: Lair rune preference: random
     0 | D:1      | 0 ||| qw: Goals: Normal
     0 | D:1      | 0 ||| PLANNING D:1-11
    78 | D:1      | Reached XP level 2. HP: 10/16 MP: 3/3
   162 | D:1      | Found Iplikk's Book Emporium.
   269 | D:1      | Reached skill level 3 in Ranged Weapons
   285 | D:1      | 285 ||| Stepping ~*~*~tactically~*~*~ (outnumbered).
   392 | D:1      | Reached XP level 3. HP: 21/21 MP: 4/4
   436 | D:1      | 436 ||| Stepping ~*~*~tactically~*~*~ (outnumbered).
   438 | D:1      | 438 ||| Stepping ~*~*~tactically~*~*~ (outnumbered).
   760 | D:1      | 760 ||| UPGRADING to +0 ring mail.
   770 | D:1      | 770 ||| DROPPING +0 robe.
   771 | D:1      | 771 ||| READING scroll labelled ESMO LIMA IRUDD.
   785 | D:1      | 785 ||| READING 2 scrolls labelled YKKUMI YSHRAACK.
   789 | D:1      | 789 ||| DRINKING 2 bubbling golden potions.
   790 | D:1      | 790 ||| DROPPING scroll of poison.
   791 | D:1      | 791 ||| DROPPING potion of brilliance.
   968 | D:2      | Reached XP level 4. HP: 24/26 MP: 5/5
  1023 | D:2      | Reached skill level 4 in Ranged Weapons
  1046 | D:2      | Found a runed translucent door.
  1047 | D:2      | Noticed Crazy Yiuf
  1062 | D:2      | Killed from afar by an orc priest

Levels and vault maps discovered:
D:1:      shiori_arrival_oz, layout_loops_ring, serial_shops, nicolae_shop_stone
D:2:      layout_basic, uniq_crazy_yiuf_cottage

Skill      XL: |  1  2  3  4 |
---------------+-------------+-----
Ranged Weapons | 3 4 |  4.0
Fighting       | 2 |  2.0
Armour         | |  0.6
Dodging        | |  1.5
Spellcasting   | |  1.0
Hexes          | |  2.6

Action                     |  1- 3 |  4- 6 || total
---------------------------+-------+-------++-------
   Fire: Sling             |   132 |    28 ||   160
    Use: Scroll            |     2 |       ||     2
         Potion            |     1 |       ||     1
 Armour: Robe              |    18 |       ||    18
         Ring mail         |     6 |     8 ||    14
  Dodge: Dodged            |    46 |    13 ||    59

Table legend:
 A = Non-vault XP
 B = Vault XP
 C = Vault XP percentage of total XP
 D = Non-vault monster count
 E = Vault monster count
 F = Vault count percentage of total count
                 A         B        C        D         E       F
            +---------+---------+-------+---------+---------+-------
      Total |     103 |       2 |   1.9 |      41 |       1 |   2.4
            +---------+---------+-------+---------+---------+-------
        D:1 |      56 |       2 |   3.4 |      30 |       1 |   3.2
        D:2 |      47 |       0 |   0.0 |      11 |       0 |   0.0
            +---------+---------+-------+---------+---------+-------
